 Dungeon Crawl Stone Soup version 0.30-a0-390-g80c34de65d (webtiles) character file.

Game seed: 3381446191318680295

170 KennySheep the Gusty (level 5, -5/28 HPs)
             Began as a Tengu Air Elementalist on Dec 5, 2022.
             Killed from afar by Dowan (11 damage)
             ... with a puff of flame
             ... on level 4 of the Dungeon.
             The game lasted 00:20:12 (3440 turns).

KennySheep the Gusty (Tengu Air Elementalist)       Turns: 3440, Time: 00:20:13

Health: -5/28      AC:  2    Str:  8    XL:     5   Next: 51%
Magic:  3/10       EV: 14    Int: 18    God:
Gold:   175        SH:  0    Dex: 14    Spells: 2/9 levels left

rFire   . . .      SeeInvis .    d - +0 dagger
rCold   . . .      Faith    .    (no shield)
rNeg    . . .      Spirit   .    a - +0 robe
rPois   .          Reflect  .    (helmet restricted)
rElec   .          Harm     .    (no cloak)
rCorr   .          Rampage  .    (no gloves)
Will    .....                    (boots unavailable)
Stlth   +.........               (no amulet)
HPRegen 0.24/turn                (no ring)
MPRegen 0.12/turn                (no ring)

@: lit by a corona, flying quickly and evasively, glowing, quick
A: beak, talons 3, nimble flight
a: no special abilities


You were on level 4 of the Dungeon.
You visited 1 branch of the dungeon, and saw 4 of its levels.

You collected 175 gold pieces.

Inventory:

Hand Weapons
 d - a +0 dagger (weapon)
Armour
 a - a +0 robe (worn)
Wands
 o - a wand of flame (10)
Scrolls
 c - 3 scrolls of teleportation
 g - a scroll of enchant armour {unknown}
 h - a scroll of magic mapping {unknown}
 i - a scroll of poison {unknown}
 j - a scroll of fear {unknown}
 k - a scroll of immolation
 n - 3 scrolls of blinking
Potions
 b - 2 potions of magic
 e - a potion of lignification {unknown}
 f - a potion of attraction
 l - 2 potions of might {unknown}
 m - a potion of haste {unknown}
 p - a potion of heal wounds {unknown}


   Skills:
 - Level 2.1 Dodging
 - Level 2.0 Stealth
 + Level 2.8 Spellcasting
 * Level 4.5 Conjurations
 * Level 5.9 Air Magic


You had 2 spell levels left.
You knew the following spells:

 Your Spells              Type           Power      Damage    Failure   Level
a - Shock                 Conj/Air       84%        1d8       1%          1
b - Static Discharge      Conj/Air       42%        2-4/arc   3%          2
c - Airstrike             Air            11%        2d(2-18)  14%         4

Your spell library contained the following spells:

 Spells                   Type           Power      Damage    Failure   Level
 Swiftness                Air            23%        N/A       4%          3


Dungeon Overview and Level Annotations

Branches:
Dungeon (4/15)
 Temple: D:4-7

Altars:

Annotations:
D:4 Dowan, Duvessa


Innate Abilities, Weirdness & Mutations

You have a beak for a mouth.
You have claws for feet.
Your magical nature lets you fly swiftly and evasively.


Message History

The zap hits Dowan.
Dowan resists.
Dowan is moderately wounded.
Dowan hits you with a +0 dagger.
Aiming: Shock (safe; 1% risk of failure)
Press: ? - help, Q - select action, (/) - cycle Shift-Dir - straight line The zap hits Dowan.
Dowan resists.
Dowan is moderately wounded.
The zap misses Dowan.
Dowan hits you with a +0 dagger.
Aiming: Shock (safe; 1% risk of failure)
Press: ? - help, Q - select action, (/) - cycle Shift-Dir - straight line The zap hits Dowan.
Dowan resists.
Dowan is heavily wounded.
The zap hits Dowan.
Dowan resists.
Dowan is heavily wounded.
Dowan closely misses you.
Aiming: Shock (safe; 1% risk of failure)
Press: ? - help, Q - select action, (/) - cycle Shift-Dir - straight line The zap hits Dowan.
Dowan resists.
Dowan is heavily wounded.
The zap hits Dowan.
Dowan resists.
Dowan is heavily wounded.
Duvessa shouts!
Dowan zaps a wand.
The puff of flame hits you!
Duvessa enters a dispersal trap!
Dowan blinks!
You blink.
Aiming: Shock (safe; 1% risk of failure)
Press: ? - help, Q - select action, (/) - cycle Shift-Dir - straight line The zap hits Dowan.
Dowan resists.
Dowan is severely wounded.
The zap misses Dowan.
Dowan hits you with a +0 dagger.
* * * LOW HITPOINT WARNING * * *
Aiming: Shock (safe; 1% risk of failure)
Press: ? - help, Q - select action, (/) - cycle Shift-Dir - straight line The zap hits Dowan.
Dowan resists.
Dowan is severely wounded.
The zap hits Dowan.
Dowan resists.
Dowan is almost dead.
Dowan zaps a wand.
The puff of flame hits you!
You die...

#########
........#########
###......†......#
#.#...e.[.###.#
#.#...###.# #.#
.#####@##...##.# #.#
.......e#.###.#.###.#
#.####....# #.......#
##.#.###.#(###.###
#.#####.##...##.# #<..#
.........##.## # #.#.#
.(..........###.###.#(#
?.######.........##.# #
########..##.#


You could see Dowan (resistant).

Vanquished Creatures
  Robin (D:3)
  4 gnolls (D:3)
  2 adders
  3 worms
  2 dart slugs
  2 orcs (D:3)
  4 ball pythons
  9 endoplasms
  3 giant cockroaches
  14 goblins
  9 hobgoblins
  2 jackals
  6 kobolds
  7 quokkas
  2 bats
  4 frilled lizards
  7 rats
81 creatures vanquished.

Notes
Turn   | Place    | Note
-------+----------+-------------------------------------------
     0 | D:1      | KennySheep the Tengu Air Elementalist began the quest for
                  | the Orb.
     0 | D:1      | Reached XP level 1. HP: 10/10 MP: 4/4
   118 | D:1      | Reached XP level 2. HP: 15/15 MP: 3/6
   557 | D:1      | Reached XP level 3. HP: 14/19 MP: 1/7
  1110 | D:2      | Learned a level 2 spell: Static Discharge
  1213 | D:2      | Reached skill level 5 in Air Magic
  1504 | D:2      | Reached XP level 4. HP: 24/24 MP: 6/8
  1511 | D:2      | Learned a level 4 spell: Airstrike
  2021 | D:3      | Noticed Robin
  2269 | D:3      | Killed Robin
  2662 | D:3      | Gained mutation: Your magical nature lets you fly swiftly
                  | and evasively. [Tengu growth]
  2662 | D:3      | Reached XP level 5. HP: 23/28 MP: 5/10
  3321 | D:4      | Noticed Duvessa
  3321 | D:4      | Noticed Dowan
  3440 | D:4      | Killed from afar by Dowan

Illustrated notes

Levels and vault maps discovered:
D:1:      noname_arrival_rooms_in_the_neighbourhood, layout_rooms,
          minmay_heptomino_d4
D:2:      layout_rooms
D:3:      layout_basic, uniq_robin
D:4:      layout_loops_ring, marbit_many_paths, minmay_temple_entry_butterflies,
          uniq_menkaure, uniq_duvessa

Skill      XL: |  1  2  3  4 |
---------------+-------------+-----
Conjurations   | 2 3 4 |  4.5
Air Magic      | 5 |  5.9
Dodging        | |  2.1
Stealth        | |  2.0
Spellcasting   | |  2.8

Action                   |  1- 3 |  4- 6 || total
-------------------------+-------+-------++-------
Melee: Dagger            |     5 |     4 ||     9
       Peck              |     1 |     2 ||     3
       Kick              |     1 |     1 ||     2
 Cast: Shock             |    90 |    80 ||   170
  Use: Scroll            |       |     3 ||     3
       Potion            |       |     1 ||     1
Armor: Robe              |     4 |       ||     4
Dodge: Dodged            |    16 |    13 ||    29

Table legend: (Time is in decaauts)
 A = Elapsed time spent in this place.
 B = Non-inter-level travel time spent in this place.
 C = Inter-level travel time spent in this place.
 D = Time resting spent in this place.
 E = Time spent auto-exploring this place.
 F = Levels seen in this place.
 G = Mean time per level.
                   A        B        C        D        E       F      G
               +--------+--------+--------+--------+--------+-----+--------+
         Total |   3385 |   3325 |     60 |    638 |   2228 |   4 |  846.2 |
       Dungeon |   3385 |   3325 |     60 |    638 |   2228 |   4 |  846.2 |
               +--------+--------+--------+--------+--------+-----+--------+

Top non-repeatable levels by time:
     D:3: 1381 daAuts
     D:2: 975 daAuts
     D:1: 935 daAuts
     D:4: 92 daAuts
